 Dungeon Crawl Stone Soup version 0.29-a0-214-g17f627cfee (webtiles) character file.

Game seed: 2739829226905632290

702 Crownlay the Magician (level 7, -2/50 HPs)
             Began as a Red Draconian Conjurer on Feb 24, 2022.
             Slain by Maggie
             ... wielding a +1 halberd of flaming
              (15 damage)
             ... on level 6 of the Dungeon.
             The game lasted 00:09:36 (4842 turns).

Crownlay the Magician (Red Draconian Conjurer)      Turns: 4842, Time: 00:09:36

Health: -2/50      AC: 10    Str: 10    XL:     7   Next: 39%
Magic:  7/16       EV: 12    Int: 20    God:
Gold:   215        SH:  0    Dex:  9    Spells: 15/18 levels left

rFire   + . .      SeeInvis .   q - +2 Maxwell's thermic engine {flame, freeze}
rCold   . . .      Faith    .   (no shield)
rNeg    + . .      Spirit   .   (body armour unavailable)
rPois   .          Reflect  .   (helmet restricted)
rElec   .          Harm     .   o - scarf {repulsion}
rCorr   .          Rampage  .   (no gloves)
Will    .....                   (no boots)
Stlth   ++........              (no amulet)
HPRegen 0.16/turn               j - ring of positive energy
MPRegen 0.15/turn               n - +4 ring of protection

@: mesmerised, repel missiles
A: breathe fire, AC +6, unfitting armour, fire resistance 1, cold-blooded
a: Breathe Fire


You were on level 6 of the Dungeon.
You visited 1 branch of the dungeon, and saw 5 of its levels.
You also visited: Sewer.

You collected 215 gold pieces.

Inventory:

Hand Weapons
 a - a +0 hunting sling
 q - the +2 Maxwell's thermic engine (weapon) {flame, freeze}
   (You found it on level 3 of the Dungeon)

   It burns those it strikes, dealing additional fire damage.
   Big, fiery blades are also staple armaments of hydra-hunters.
   It freezes those it strikes, dealing additional cold damage.
   It can also slow down cold-blooded creatures.
   It becomes more effective when it hits something.
   This effect fades over time.
 u - a +3 trident of protection
Missiles
 h - 5 silver javelins
Armour
 o - a scarf of repulsion (worn)
Magical Staves
 c - a staff of earth
Jewellery
 j - a ring of positive energy (left hand)
 l - a ring of resist corrosion
 n - a +4 ring of protection (right hand)
Wands
 e - a wand of acid (6)
Scrolls
 f - a scroll of blinking
 k - a scroll of teleportation
 s - a scroll of vulnerability {unknown}
 t - a scroll of identify
 v - a scroll of holy word {unknown}
Potions
 b - 2 potions of degeneration {unknown}
 d - a potion of heal wounds {unknown}
 g - a potion of invisibility {unknown}
 i - a potion of curing
 m - a potion of ambrosia {unknown}
 p - a potion of brilliance {unknown}
 r - a potion of attraction {unknown}


   Skills:
 - Level 1.7 Dodging
 - Level 1.7 Stealth
 * Level 6.4 Spellcasting
 + Level 6.1 Conjurations
 + Level 0.4 Fire Magic


You had 15 spell levels left.
You knew the following spells:

 Your Spells              Type           Power      Damage    Failure   Level
a - Magic Dart            Conj           100%       1d8       1%          1
b - Searing Ray           Conj           62%        2d6       1%          2

Your spell library contained the following spells:

 Spells                   Type           Power      Damage    Failure   Level
 Dazzling Flash           Conj/Hex       36%        N/A       9%          3
 Fulminant Prism          Conj/Hex       9%         3d7       28%         4
 Iskenderun's Mystic Bla  Conj/Tloc      18%        2d6       28%         4
 Gell's Gravitas          Tloc           6%         N/A       30%         3
 Lesser Beckoning         Tloc           6%         N/A       30%         3
 Teleport Other           Tloc           6%         N/A       30%         3


Dungeon Overview and Level Annotations

Branches:
Dungeon (7/15)              Sewer (visited)
 Temple: D:4-7

Altars:
Trog

Annotations:
D:6 Maggie


Innate Abilities, Weirdness & Mutations

You can breathe blasts of fire.
Your fiery red scales are hard. (AC +6)
You cannot fit into any form of body armour.
Your flesh is heat resistant. (rF+)
You are cold-blooded and may be slowed by cold attacks.


Message History

Confirm with . or Enter, or press ? or * to list all spells.
Aiming: Searing Ray (safe; 1% risk of failure)
Press: ? - help, Shift-Dir - straight line, f/p - Maggie
Aim: Maggie, wielding a +1 halberd of flaming and wearing +0 swamp dragon scales (lightly wounded, mesmerising, 82% to hit)
The searing ray hits Maggie!
Maggie is moderately wounded. (Press . to maintain the ray.) Maggie hits you from afar with a +1 halberd of flaming.
The searing ray hits Maggie!
Maggie is heavily wounded.
Maggie hits you from afar with a +1 halberd of flaming.
Maggie burns you.
The searing ray hits Maggie.
Maggie is heavily wounded.
Maggie completely misses you.
The searing ray hits Maggie.
Maggie is heavily wounded.
You finish channelling your searing ray.
Maggie casts a spell.
Maggie draws you further into her thrall.
Maggie hits you from afar with a +1 halberd of flaming.
Maggie hits you from afar with a +1 halberd of flaming!
* * * LOW HITPOINT WARNING * * *
Maggie burns you.
* * * LOW HITPOINT WARNING * * *
Casting: Searing Ray (safe; 1% risk of failure)
Confirm with . or Enter, or press ? or * to list all spells.
Aiming: Searing Ray (safe; 1% risk of failure)
Press: ? - help, Shift-Dir - straight line, f/p - Maggie
Aim: Maggie, wielding a +1 halberd of flaming and wearing +0 swamp dragon scales (heavily wounded, mesmerising, 82% to hit)
Okay, then.
You cannot move away from Maggie!
You cannot move away from Maggie!
Okay, then.
It was a potion of curing.
You feel better.
Maggie points at you and mumbles some strange words.
The bolt of fire hits you. You resist.
* * * LOW HITPOINT WARNING * * *
Maggie hits you with a +1 halberd of flaming!
You die...

#.....#....# #.....#....#
#.....#....# #######..[.#
##...##..)## #..........#
#..........# #......>...#
#....##@...#
########....##@..##
##......#....##...##
#............#.....#
#........#..>#....###### ####
#.......##...##...##...##...##
##......##...##...#.)).#.)...#
##########...#...[#.)..#.....#.
#.......#....#...@#....#.....'.


You could see Maggie (mesmerising).

Vanquished Creatures
  A shadow (D:6)
  2 bullfrogs (Sewer)
  A gnoll sergeant (D:6)
  A hound (D:6)
  A gnoll shaman (D:6)
  A jelly (D:6)
  Jessica (D:3)
  9 adders
  7 gnolls (D:6)
  A shadow imp (D:6)
  2 worms
  An orc (D:3)
  11 ball pythons
  3 bats
  5 endoplasms
  7 giant cockroaches
  2 hobgoblins
  4 jackals (D:3)
  3 kobolds
  2 quokkas (Sewer)
  10 frilled lizards
  6 goblins
  3 rats (D:3)
84 creatures vanquished.

Notes
Turn   | Place    | Note
-------+----------+-------------------------------------------
     0 | D:1      | Crownlay the Draconian Conjurer began the quest for the
                  | Orb.
     0 | D:1      | Reached XP level 1. HP: 14/14 MP: 3/3
   508 | D:1      | Reached XP level 2. HP: 20/20 MP: 0/5
   589 | D:1      | Learned a level 2 spell: Searing Ray
   694 | D:1      | Found a faded altar of an unknown god.
  1417 | D:2      | Reached XP level 3. HP: 26/26 MP: 1/7
  1557 | D:2      | Found a bloodstained altar of Trog.
  2226 | D:3      | Found a glowing drain.
  2248 | Sewer    | Entered a sewer
  2344 | Sewer    | Reached XP level 4. HP: 33/33 MP: 3/9
  2869 | Sewer    | Noticed a bullfrog
  2871 | Sewer    | Noticed a bullfrog
  2884 | Sewer    | Killed a bullfrog
  2885 | Sewer    | Reached skill level 5 in Conjurations
  2885 | Sewer    | Reached XP level 5. HP: 36/38 MP: 0/11
  3365 | D:3      | Noticed Jessica
  3372 | D:3      | Killed Jessica
  3373 | D:3      | Reached XP level 6. HP: 45/45 MP: 8/13
  3466 | D:3      | Reached skill level 5 in Spellcasting
  3555 | D:3      | Found the +2 Maxwell's thermic engine {flame, freeze}
  3966 | D:3      | You fall into a shaft and drop 3 floors!
  3975 | D:6      | Noticed Maggie
  4170 | D:6      | Noticed a shadow
  4172 | D:6      | Noticed an ice beast
  4205 | D:6      | Killed a shadow
  4206 | D:6      | Your scales start taking on a fiery red colour.
  4206 | D:6      | Reached XP level 7. HP: 16/50 MP: 2/16
  4206 | D:6      | Gained mutation: Your flesh is heat resistant. (rF+) [Red
                  | Draconian growth]
  4842 | D:6      | Slain by Maggie

Illustrated notes

Levels and vault maps discovered:
D:1:      elethiomel_arrival_infinity_welcomes_careful_drivers, layout_basic,
          basic_ecumenical_altar, minmay_misc_feat_cross
D:2:      layout_basic, basic_altar
D:3:      layout_basic, cheibrodos_sewer_entry_sluice, uniq_jessica
D:6:      layout_gridville, minmay_misc_feat_plants, hangedman_minor_gate_pass,
          uniq_menkaure, uniq_maggie
D:7:      layout_loops_corners, minmay_temple_entry_statues_fountains,
          serial_shops, kennysheep_mini_moat, minmay_mini_ossuary

Skill      XL: |  1  2  3  4  5  6 |
---------------+-------------------+-----
Spellcasting   | 3 4 6 |  6.4
Conjurations   | 5 6 |  6.1
Dodging        | |  1.7
Stealth        | |  1.7
Fire Magic     | |  0.4

Action                   |  1- 3 |  4- 6 |  7- 9 || total
-------------------------+-------+-------+-------++-------
Melee: Staff             |       |    18 |       ||    18
       Double sword      |       |     4 |    12 ||    16
       Tailslap          |       |     1 |       ||     1
 Fire: Hunting sling     |    61 |   119 |       ||   180
 Cast: Magic Dart        |    29 |    16 |       ||    45
       Searing Ray       |     7 |    22 |     4 ||    33
  Use: Scroll            |     3 |       |     1 ||     4
       Potion            |       |       |     1 ||     1
 Stab: Sleeping          |       |     1 |       ||     1
Armor: Skin              |    17 |    45 |     9 ||    71
Dodge: Dodged            |    35 |   102 |    15 ||   152

Table legend: (Time is in decaauts)
 A = Elapsed time spent in this place.
 B = Non-inter-level travel time spent in this place.
 C = Inter-level travel time spent in this place.
 D = Time resting spent in this place.
 E = Time spent auto-exploring this place.
 F = Levels seen in this place.
 G = Mean time per level.
                   A        B        C        D        E       F      G
               +--------+--------+--------+--------+--------+-----+--------+
         Total |   5027 |   4981 |     46 |    303 |   3880 |   6 |  837.8 |
       Dungeon |   3774 |   3728 |     46 |    303 |   2893 |   5 |  754.8 |
         Sewer |   1252 |   1252 |      0 |      0 |    987 |   1 | 1252.0 |
               +--------+--------+--------+--------+--------+-----+--------+

Top non-repeatable levels by time:
   Sewer: 1252 daAuts
     D:2: 1227 daAuts
     D:1: 992 daAuts
     D:3: 671 daAuts
     D:6: 609 daAuts
     D:7: 274 daAuts
